Map: Blackrock LE

Players

Halo - Winner!

  • Race: Zerg Zerg

A.I. 1 (Very Hard)

  • Race: Terran Terran

VOD

Have the link to the VOD?

Description

Time

  • Played on: Aug. 5, 2026, 3:08 p.m.
  • Length: 9:27
Show
View Real Time Build Order
Export as new Build Order

Halo Zerg - Winner!

Build Orders: Hatch First 

Get SALT Encoding   

  8  0:00  Drone  
  9  0:11  Drone  
  10  0:19  Drone  
  11  0:23  Drone  
  11  0:27  Extractor  
  11  0:30  Drone  
  13  0:39  Overlord  
  13  0:58  Drone x2  
  15  1:14  Hatchery  
  15  1:18  Drone  
  15  1:22  Drone  
  16  1:40  Spawning Pool  
  16  1:41  Drone  
  16  1:42  Extractor  
  16  1:45  Drone  
  16  1:49  Drone  
  16  1:53  Drone  
  18  2:01  Drone  
  19  2:12  Overlord  
  19  2:21  Drone  
  20  2:31  Queen x2  
  20  2:36  Zergling x2  
  25  2:37  Zergling x2  
  26  2:47  Metabolic Boost  
  26  2:49  Drone  
  26  2:51  Drone  
  28  2:57  Overlord  
  28  3:00  Drone  
  28  3:03  Drone  
  30  3:06  Drone  
  31  3:24  Hatchery  
  30  3:32  Drone x2  
  30  3:33  Drone  
  34  3:34  Drone  
  34  3:49  Queen  
  34  3:51  Queen  
  34  3:53  Drone  
  39  3:56  Drone  
  40  4:03  Overlord  
  40  4:05  Overlord  
  40  4:23  Drone x3  
  43  4:24  Drone x2  
  43  4:25  Drone x2  
  43  4:28  Extractor  
  43  4:29  Drone x2, Baneling Nest  
  43  4:30  Drone  
  48  4:33  Drone  
  49  4:46  Drone x7  
  56  4:54  Overlord  
  56  5:00  Overlord  
  56  5:07  Drone x4  
  56  5:10  Overlord  
  56  5:13  Overlord  
  60  5:16  Drone x4  
  60  5:17  Zergling x6  
  60  5:18  Zergling x2  
  60  5:19  Zergling x2  
  69  5:45  Lair  
  69  5:46  Drone x2, Evolution Chamber  
  69  5:48  Evolution Chamber  
  69  5:52  Zergling x14  
  76  6:12  Zerg Melee Weapons Level 1  
  76  6:18  Zerg Ground Armor Level 1  
  76  6:19  Zergling x2  
  76  6:20  Zergling x20  
  87  6:42  Overlord  
  87  6:43  Overlord x2  
  87  6:47  Centrifugal Hooks  
  87  6:57  Overlord x3  
  87  7:01  Zergling x12  
  87  7:02  Zergling x2  
  87  7:08  Zergling x10  
  99  7:09  Baneling  
  99  7:10  Baneling x13  
  99  7:11  Baneling x6  
  99  7:12  Baneling x3  
  99  7:25  Drone  
  99  7:26  Drone x3  
  99  7:28  Hatchery  
  102  7:30  Hatchery  
  102  7:31  Hatchery  
  100  7:40  Overlord x3  
  100  7:41  Zergling x18  
  100  7:42  Zergling x4, Hatchery  
  110  7:58  Zergling x12  
  105  8:24  Zergling x10  
  105  8:25  Zergling x10  
  88  8:51  Zergling x26  
  100  9:01  Zergling x10  
  103  9:09  Zergling x22  
Show
View Real Time Build Order
Export as new Build Order

A.I. 1 (Very Hard) Terran 

Build Orders:  

Get SALT Encoding   

  8  0:00  SCV  
  9  0:13  SCV  
  10  0:25  SCV  
  11  0:37  SCV  
  12  0:46  Supply Depot  
  12  0:49  SCV  
  13  1:08  SCV  
  13  1:10  Barracks  
  14  1:16  Refinery  
  14  1:20  SCV  
  15  1:32  SCV  
  16  1:37  Barracks  
  16  1:44  SCV  
  17  1:56  SCV  
  17  1:58  Marine  
  19  2:08  SCV  
  20  2:22  Orbital Command, Barracks  
  20  2:25  Marine  
  21  2:34  Supply Depot  
  21  2:46  Barracks Tech Lab  
  21  2:50  Barracks Tech Lab  
  21  2:56  SCV  
  22  3:04  Marine  
  23  3:08  Marine x2, SCV  
  23  3:09  Stimpack  
  23  3:11  Concussive Shells  
  26  3:19  Supply Depot  
  26  3:22  Marine  
  26  3:25  Marine  
  26  3:26  Marine  
  29  3:39  Factory  
  29  3:40  Refinery, Marine  
  30  3:41  SCV  
  31  3:53  SCV  
  32  4:05  SCV  
  33  4:12  Supply Depot  
  33  4:18  SCV  
  34  4:24  Starport  
  34  4:30  SCV  
  35  4:32  Supply Depot  
  35  4:34  Marine  
  35  4:37  Marine  
  37  4:42  SCV  
  38  4:51  Marine  
  41  4:53  Marauder  
  41  4:55  Marine  
  41  4:58  Supply Depot  
  42  5:00  Command Center  
  42  5:02  Medivac  
  44  5:09  Barracks Reactor  
  44  5:12  Marine  
  47  5:14  Marauder  
  47  5:23  Factory Tech Lab  
  47  5:31  Marauder  
  51  5:35  Marauder  
  51  5:41  Siege Tank  
  54  5:42  Supply Depot  
  54  5:52  Marauder  
  58  5:57  Marauder  
  58  6:06  Supply Depot  
  58  6:13  SCV x2  
  58  6:14  Siege Tank, Marauder  
  67  6:18  Marauder  
  67  6:25  SCV  
  68  6:28  SCV  
  69  6:35  Marauder  
  69  6:37  SCV  
  74  6:40  Marauder, SCV  
  74  6:46  Siege Tank  
  78  6:49  SCV  
  78  6:52  SCV  
  80  6:56  Supply Depot  
  80  7:01  SCV  
  80  7:04  SCV  
  80  7:06  Refinery  
  82  7:14  SCV  
  83  7:16  SCV  
  83  7:18  Siege Tank  
  83  7:19  Refinery  
  83  7:20  Combat Shield, Supply Depot  
  87  7:26  SCV  
  87  7:28  SCV  
  89  7:35  Engineering Bay  
  89  7:38  SCV  
  89  7:40  SCV, Engineering Bay  
  91  7:50  SCV  
  92  7:52  SCV  
  93  8:02  SCV  
  93  8:03  Missile Turret  
  93  8:04  Supply Depot, SCV  
  95  8:05  Missile Turret  
  95  8:12  Barracks, Starport Reactor  
  95  8:14  SCV  
  95  8:16  Marine  
  95  8:17  SCV  
  98  8:20  Marine  
  98  8:21  Marine  
  98  8:23  Marine  
  98  8:26  SCV  
  55  8:34  Marine  
  55  8:38  Marauder  
  55  8:39  Marine  
  55  8:41  Marine  
  47  8:52  Marine  
  47  8:55  SCV  
  29  8:56  Marine  
Tags
 
Add a new tag
Caveats
  • Supply blocks, unpowered buildings, or Contaminate may cause inaccurate times.
  • Supply counts are checked every 10 seconds.